Map: Thunderbird LE

Players

Mez

  • Race: Terran Terran
  • League: Master
  • Spawn Location: 5:00

Nshake - Winner!

  • Race: Terran Terran
  • League: Master
  • Spawn Location: 11:00

VOD

Have the link to the VOD?

Description

Time

  • Played on: Aug. 19, 2019, 1:09 p.m.
  • Length: 17:29
Show
View Real Time Build Order
Export as new Build Order

Mez Terran 

Build Orders:  

Get SALT Encoding   

  12  0:00  SCV  
  13  0:13  SCV  
  14  0:17  Supply Depot  
  14  0:25  SCV  
  15  0:39  SCV  
  15  0:40  Barracks  
  16  0:44  Refinery  
  16  0:53  Refinery  
  16  0:54  SCV  
  17  1:10  SCV  
  18  1:22  SCV  
  19  1:28  Reaper  
  20  1:33  Supply Depot  
  20  1:35  Orbital Command  
  20  1:42  Factory  
  21  2:02  Reaper  
  21  2:03  SCV  
  22  2:17  SCV  
  23  2:25  Command Center  
  23  2:29  SCV  
  24  2:32  Hellion  
  24  2:36  Barracks Reactor  
  26  2:41  SCV  
  27  2:50  Supply Depot  
  27  2:53  SCV  
  27  2:57  Hellion  
  30  3:01  Starport  
  30  3:06  SCV  
  31  3:13  Marine x2  
  31  3:18  SCV  
  34  3:21  Factory Tech Lab  
  34  3:26  Refinery  
  34  3:30  SCV  
  34  3:32  Marine x2  
  37  3:38  Orbital Command  
  37  3:42  SCV  
  38  3:53  Marine  
  38  3:54  SCV, Marine  
  41  3:56  Raven  
  41  3:57  Factory Tech Lab  
  43  4:03  SCV  
  43  4:06  SCV  
  45  4:10  Supply Depot  
  45  4:16  SCV  
  46  4:17  Marine x2  
  46  4:18  SCV  
  46  4:20  Cyclone  
  52  4:28  SCV  
  52  4:30  SCV  
  54  4:34  Supply Depot  
  54  4:39  Raven, Marine x2, Supply Depot  
  54  4:40  SCV  
  54  4:42  SCV  
  60  4:52  SCV  
  61  4:56  Siege Tank  
  64  5:02  SCV, Supply Depot  
  64  5:04  SCV  
  66  5:12  Command Center  
  66  5:14  SCV  
  66  5:16  SCV  
  66  5:20  Marine x2  
  70  5:27  Raven  
  72  5:30  SCV x2  
  72  5:32  Siege Tank, Barracks  
  72  5:34  Barracks  
  77  5:40  Refinery  
  77  5:45  Engineering Bay x2  
  77  5:48  Supply Depot  
  77  5:52  SCV x2, Supply Depot  
  79  6:04  SCV x2  
  81  6:16  SCV x2  
  83  6:21  Barracks Reactor x2  
  83  6:24  Terran Infantry Armor Level 1, Terran Infantry Weapons Level 1  
  83  6:25  Stimpack, Barracks  
  83  6:26  Barracks  
  83  6:27  Medivac x2  
  83  6:30  Orbital Command  
  83  6:32  SCV x2  
  89  6:39  Supply Depot  
  89  6:42  Supply Depot  
  89  6:44  SCV  
  89  6:45  SCV  
  89  6:46  Marine  
  92  6:50  Siege Tank  
  95  6:57  SCV x2  
  95  6:58  Marine x4  
  101  7:05  SCV  
  101  7:07  Marine  
  102  7:09  SCV, Medivac x2  
  107  7:16  Marine  
  107  7:17  Barracks Reactor  
  107  7:18  SCV x2  
  107  7:19  Barracks Reactor  
  107  7:21  Armory  
  107  7:22  Refinery, SCV  
  111  7:23  Refinery, Marine x3  
  111  7:25  Marine  
  111  7:28  Siege Tank  
  118  7:30  SCV x2  
  118  7:34  SCV  
  118  7:42  SCV x2  
  118  7:46  SCV  
  117  7:58  Viking x2  
  117  7:59  Marine x4  
  117  8:00  Marine x4  
  117  8:02  Siege Tank  
  130  8:13  Marine  
  130  8:18  Command Center  
  131  8:20  Factory  
  131  8:26  Marine x3  
  133  8:48  Supply Depot  
  133  8:49  Supply Depot x2  
  133  8:50  Marine x2, Supply Depot  
  133  8:51  Marine  
  133  8:59  Siege Tank  
  113  9:14  Marine x9  
  116  9:18  Medivac x2  
  116  9:21  Factory Tech Lab  
  116  9:23  Command Center  
  109  9:25  Barracks  
  109  9:26  Barracks x2  
  109  9:27  Supply Depot x2  
  109  9:28  Supply Depot  
  109  9:31  Siege Tank, Marine  
  108  9:32  Marine x3  
  112  9:41  Starport, Terran Infantry Weapons Level 2  
  112  9:42  Terran Infantry Armor Level 2  
  112  9:43  Fusion Core, Starport  
  112  9:48  Viking x2  
  112  9:51  Missile Turret x2  
  116  9:55  Siege Tank  
  119  10:03  Siege Tank  
  122  10:07  Marine  
  122  10:08  Marine x8  
  121  10:16  Combat Shield  
  121  10:21  Viking, Liberator  
  121  10:25  Viking  
  117  10:33  Marine x6  
  105  10:48  Planetary Fortress  
  105  10:49  SCV  
  109  10:50  SCV x3  
  109  10:57  Siege Tank  
  109  10:59  Siege Tank  
  115  11:08  SCV x2  
  115  11:09  SCV  
  113  11:25  Barracks Reactor x3  
  107  11:26  Marine x9  
  107  11:28  Liberator x2  
  116  11:43  Marine  
  116  11:44  Marine  
  124  11:49  Liberator  
  120  12:02  Siege Tank x2, Marine  
  120  12:03  Marine x14  
  145  12:09  Starport Tech Lab  
  121  12:20  Marine x3  
  121  12:21  Marine x6  
  125  12:28  Marine  
  125  12:29  SCV x5  
  122  12:34  Marine  
  119  12:48  SCV  
  119  12:49  SCV x4  
  124  12:59  Sensor Tower  
  124  13:00  Refinery x2  
  124  13:01  SCV x5  
  124  13:04  Marine x6  
  135  13:13  Starport Reactor  
  135  13:15  Viking x2  
  135  13:46  Liberator x2  
  129  13:51  Viking  
  129  13:52  Viking  
  128  14:10  Viking  
  128  14:11  Marine x6  
  128  14:12  Barracks Reactor x3, Marine  
  128  14:13  Siege Tank x2, Marine x2  
  145  14:21  Viking  
  147  14:28  Marine  
  147  14:29  Marine  
  149  14:33  Marine x4  
  149  14:34  Marine x3  
  156  14:46  Sensor Tower, Marine  
  156  14:47  Marine  
  156  14:51  Marine x3, Medivac x2  
  156  14:52  Medivac x2  
  167  15:05  Marine x3  
  167  15:07  Siege Tank x2  
  114  15:18  Marine x3  
  117  15:21  SCV  
  118  15:36  Medivac x2  
  118  15:39  Siege Tank x2  
  128  15:49  Marine  
  127  15:50  Marine x10  
  138  15:58  Marine x4  
  138  16:01  SCV  
  143  16:12  SCV x3  
  147  16:24  SCV x3  
  139  16:36  SCV, Marine x7  
  139  16:37  SCV x2, Marine  
  150  16:44  Orbital Command  
  147  16:56  Marine x7  
  147  16:57  Marine x2  
Show
View Real Time Build Order
Export as new Build Order

Nshake Terran - Winner!

Build Orders:  

Get SALT Encoding   

  12  0:00  SCV  
  13  0:12  SCV  
  14  0:17  Supply Depot  
  14  0:25  SCV  
  14  0:27  Refinery  
  15  0:39  SCV  
  16  0:45  Barracks  
  16  0:51  SCV  
  17  0:57  Refinery  
  17  1:03  SCV  
  18  1:15  SCV  
  19  1:31  Orbital Command  
  19  1:33  Factory  
  19  1:36  Reaper  
  20  1:45  Supply Depot  
  20  1:59  SCV  
  21  2:08  Reaper  
  22  2:11  SCV  
  22  2:16  Hellion  
  24  2:23  SCV  
  25  2:33  Command Center  
  26  2:37  SCV  
  26  2:43  Hellion  
  28  2:45  Barracks Tech Lab  
  28  2:51  Supply Depot  
  28  2:54  SCV  
  29  3:01  Starport  
  29  3:06  SCV  
  30  3:17  Barracks Tech Lab  
  30  3:18  Cyclone  
  33  3:21  SCV  
  33  3:26  Refinery  
  34  3:33  SCV  
  35  3:44  Raven  
  35  3:45  SCV  
  38  3:50  Cyclone  
  41  3:56  Orbital Command  
  41  3:59  Marine  
  41  4:00  SCV  
  43  4:04  Supply Depot  
  43  4:12  SCV  
  43  4:16  Marine  
  45  4:22  Siege Tank, SCV  
  49  4:24  SCV  
  50  4:33  Raven  
  50  4:34  SCV, Marine  
  50  4:36  Supply Depot  
  50  4:37  SCV  
  55  4:46  SCV  
  55  4:49  SCV  
  55  4:52  Marine  
  58  4:56  Command Center  
  58  4:59  Siege Tank, SCV  
  62  5:04  Supply Depot  
  62  5:06  SCV  
  63  5:10  Barracks Reactor  
  63  5:11  SCV  
  64  5:18  SCV  
  65  5:23  SCV  
  65  5:26  Engineering Bay x2  
  66  5:30  SCV  
  66  5:31  Siege Tank  
  66  5:35  SCV  
  71  5:40  Refinery  
  71  5:42  SCV  
  72  5:47  SCV  
  73  5:52  Terran Infantry Armor Level 1, Terran Infantry Weapons Level 1  
  73  5:54  Viking, SCV  
  73  5:55  Viking  
  78  5:58  Supply Depot  
  78  6:02  Supply Depot  
  78  6:07  SCV, Marine  
  78  6:08  Siege Tank  
  78  6:09  Orbital Command  
  78  6:10  SCV  
  84  6:20  SCV  
  84  6:22  SCV  
  84  6:23  Stimpack  
  84  6:25  Marine  
  87  6:28  Orbital Command  
  87  6:29  Barracks  
  87  6:30  Barracks  
  87  6:31  Viking  
  87  6:32  SCV  
  90  6:35  SCV  
  91  6:41  Siege Tank  
  91  6:43  Marine  
  91  6:44  SCV  
  96  6:48  SCV  
  96  6:50  Armory  
  96  6:53  SCV  
  98  6:57  SCV, Supply Depot  
  98  6:59  Refinery  
  98  7:00  SCV  
  98  7:01  Marine  
  100  7:04  Refinery  
  101  7:09  Viking  
  101  7:10  Viking  
  105  7:17  Barracks  
  105  7:18  Barracks  
  105  7:21  Barracks Reactor x2, Marine  
  106  7:23  Siege Tank  
  109  7:41  Terran Vehicle Weapons Level 1  
  109  7:42  Supply Depot  
  109  7:45  Barracks  
  109  7:47  Barracks  
  109  7:48  SCV  
  109  7:49  Terran Infantry Weapons Level 2  
  109  7:50  Terran Infantry Armor Level 2  
  96  8:02  SCV  
  97  8:11  Marine  
  97  8:12  Barracks Reactor, Marine  
  99  8:13  Barracks Reactor  
  99  8:14  Barracks  
  99  8:15  SCV  
  99  8:16  SCV x2  
  99  8:18  Command Center  
  102  8:32  Marine x5  
  102  8:33  Siege Tank  
  109  8:36  SCV  
  110  8:42  Barracks Reactor x2  
  110  8:43  SCV  
  110  8:45  Sensor Tower x2  
  92  9:10  Marine x2  
  92  9:16  Marine  
  94  9:19  Marine x2  
  94  9:23  SCV x2, Marine  
  92  9:24  Marauder  
  92  9:29  Siege Tank, Marine x5  
  102  9:34  Combat Shield  
  102  9:35  SCV  
  103  9:39  SCV  
  104  9:46  Marauder  
  104  9:50  Barracks Reactor, Supply Depot  
  104  9:52  Marine x2, Supply Depot  
  108  9:53  Marine  
  109  10:12  SCV x2, Marine x2, Medivac x2  
  109  10:13  Marine x2  
  115  10:28  Marine x2  
  113  10:33  Marine x2  
  113  10:35  Marine  
  107  10:36  Marauder  
  107  10:37  Marine x4  
  107  10:38  Marine x5  
  107  10:39  SCV  
  111  10:45  Siege Tank, Marine, Medivac  
  111  10:46  Marine, Medivac  
  120  10:51  Marine x2  
  120  10:53  Marine  
  120  10:55  Terran Infantry Weapons Level 3, Marine  
  124  11:02  Orbital Command  
  124  11:04  Marine  
  124  11:07  Marine, Supply Depot  
  124  11:18  Siege Tank  
  124  11:19  Marauder  
  124  11:20  Marine x2  
  124  11:22  Marine x2  
  125  11:29  Marine x3  
  125  11:31  Marine x2  
  125  11:32  Marine x3  
  133  11:35  Command Center, Supply Depot  
  133  11:36  Marine x2  
  133  11:43  Marine x2  
  133  11:44  Marine x2  
  133  11:45  Marine  
  133  11:47  Marine x3  
  136  11:54  Marine x2  
  135  12:00  Marine x2  
  135  12:01  Marine x4  
  134  12:06  Marine  
  134  12:07  Marine x6  
  134  12:08  Siege Tank  
  147  12:12  Marine  
  147  12:14  Marine  
  146  12:18  Marine x2  
  146  12:19  Marine  
  149  12:25  Marine  
  149  12:26  Terran Infantry Armor Level 3  
  149  12:37  Supply Depot  
  149  12:39  Marine x4, Medivac  
  136  12:47  SCV x2  
  136  12:48  Medivac  
  140  13:07  Planetary Fortress  
  140  13:09  Medivac  
  140  13:11  Marine x2  
  140  13:12  Marine  
  145  13:13  Terran Vehicle Weapons Level 2, SCV x2, Marine x3, Supply Depot  
  145  13:18  Medivac  
  152  13:20  Siege Tank, SCV  
  152  13:25  SCV  
  153  13:38  Marine x3  
  153  13:39  Marine x2, Medivac  
  160  13:41  Marine  
  160  13:42  Marine  
  151  13:49  Marine  
  151  13:50  Marine x6  
  151  13:52  Marine  
  151  13:55  SCV  
  157  13:56  SCV, Marine  
  145  14:04  Marine x3  
  145  14:05  Marine x3  
  145  14:07  Marine  
  152  14:10  SCV, Marine x5  
  152  14:11  Siege Tank, Marine  
  152  14:15  Medivac x2  
  166  14:23  Sensor Tower, Marine x2  
  168  14:24  Marine  
  168  14:27  Marine  
  167  14:41  Command Center  
  167  14:42  Marine x2  
  159  15:01  Marine x4  
  159  15:02  Marine x3  
  159  15:06  Marine x2  
  153  15:09  SCV  
  153  15:12  SCV  
  153  15:13  SCV  
  150  15:17  SCV  
  151  15:25  Marine x4  
  151  15:26  Siege Tank  
  158  15:34  Marine x5  
  158  15:35  Marine  
  164  15:36  SCV  
  165  15:46  Marine x2  
  165  15:47  Marine x4  
  165  15:48  Medivac  
  166  15:52  Marine  
  167  15:57  SCV  
  167  15:58  Marine x3  
  171  16:15  Marine x2  
  173  16:21  Marine x2  
  174  16:37  Marine x2  
  174  16:39  Marine  
  169  16:47  Marine x3  
  169  16:52  Marine x3  
  162  16:57  Marine x2  
  162  16:59  Marine x2  
  162  17:00  Marine  
  162  17:01  Marine x3  
  161  17:03  SCV x2  
  161  17:04  SCV  
  161  17:06  SCV  
  172  17:15  SCV  
  172  17:16  SCV x2  
Tags
 
Add a new tag
Caveats
  • Supply blocks, unpowered buildings, or Contaminate may cause inaccurate times.
  • Supply counts are checked every 10 seconds.